 Dungeon Crawl Stone Soup version 0.28.0-47-ge53b351184 (webtiles) character file.

Game seed: 5868440310516020713

1116 Bruhh the Magician (level 8, -3/56 HPs)
             Began as a Djinni Cinder Acolyte on Apr 28, 2022.
             Was a High Priest of Ignis.
             Killed from afar by a white imp (12 damage)
             ... with a puff of frost
             ... on level 6 of the Dungeon.
             The game lasted 00:06:51 (6511 turns).

Bruhh the Magician (Djinni Cinder Acolyte)          Turns: 6511, Time: 00:06:52

Health: -3/56      AC:  2    Str: 13    XL:     8   Next: 60%
Gold:   280        EV: 11    Int: 18    God:    Ignis [*****.] SH:  5 Dex:  9

rFire   + + +      SeeInvis .   a - -1 falchion (flame)
rCold   x . .      Faith    .   (no shield)
rNeg    . . .      Spirit   .   b - +0 robe
rPois   ∞          Reflect  +   (no helmet)
rElec   .          Harm     .   (no cloak)
rCorr   .          Rampage  .   (no gloves)
Will    .....                   (boots unavailable)
Stlth   +.........              m - amulet of reflection
HPRegen 0.18/turn               (no ring)
MPRegen 0.00/turn               (no ring)

@: flying
A: sickness immunity, fire resistance 2, cold vulnerability 1, float, innate
caster, HP casting, extra vitality 1
a: Renounce Religion, Fiery Armour, Foxfire Swarm, Rising Flame


You were on level 6 of the Dungeon.
You worshipped Ignis.
Ignis was extremely pleased with you.
You visited 1 branch of the dungeon, and saw 6 of its levels.
You also visited: Ossuary.

You collected 280 gold pieces.

Inventory:

Hand Weapons
 a - a -1 falchion of flaming (weapon)
Armour
 b - a +0 robe (worn)
Jewellery
 m - an amulet of reflection (around neck)
Wands
 w - a wand of charming (15)
Scrolls
 c - 6 scrolls of identify {unknown}
 d - a scroll of vulnerability {unknown}
 e - 3 scrolls of teleportation {unknown}
 g - 2 scrolls of fear {unknown}
 k - a scroll of enchant weapon {unknown}
 l - 4 scrolls of enchant armour {unknown}
 p - a scroll of immolation {unknown}
 u - a scroll of amnesia {unknown}
 x - a scroll of brand weapon {unknown}
 y - a scroll of acquirement {unknown}
Potions
 f - 2 potions of attraction {unknown}
 h - a potion of lignification {unknown}
 i - a potion of degeneration {unknown}
 j - 4 potions of curing {unknown}
 n - a potion of heal wounds {unknown}
 o - a potion of ambrosia {unknown}
 q - 3 potions of might {unknown}
 r - 2 potions of invisibility {unknown}
 s - 2 potions of haste {unknown}
 t - a potion of cancellation {unknown}
 v - a potion of brilliance {unknown}


   Skills:
 - Level 3.0 Fighting
 - Level 2.6 Long Blades
 + Level 7.8 Spellcasting


You had 14 spell levels left.
You knew the following spells:

 Your Spells              Type           Power      Damage    Failure   Level
a - Scorch                Fire           70%        2d9       1%          2
b - Sandblast             Erth           70%        2d15      1%          1
c - Poisonous Vapours     Pois/Air       70%        N/A       1%          2
d - Inner Flame           Hex/Fire       35%        N/A       1%          3
Your spell library was empty.

Dungeon Overview and Level Annotations

Branches:
Dungeon (6/15)            Ossuary (visited)
 Temple: D:4-7

Altars:
Gozag
Hepliaklqana
Uskayaw
Yredelemnul
The Shining One


Innate Abilities, Weirdness & Mutations

You are immune to sickness and miasma.
You are immune to poison.
Your flesh is very heat resistant. (rF++)
You are vulnerable to cold. (rC-)
You float through the air rather than walking.
You learn spells naturally, not from books.
Your magical power is your life essence.
You have superior vitality. (+4 MHP)


Message History

Flames lash the centaur warrior zombie.
The centaur warrior zombie is burned terribly!
The centaur warrior zombie is lightly damaged.
You block the centaur warrior zombie's attack.
The centaur warrior zombie barely misses you.
Flames lash the centaur warrior zombie.
The centaur warrior zombie is burned terribly!
The centaur warrior zombie is moderately damaged.
The centaur warrior zombie completely misses you.
The centaur warrior zombie closely misses you.
The centaur warrior zombie hits you.
The centaur warrior zombie closely misses you.
You block the centaur warrior zombie's attack.
The centaur warrior zombie kicks you. The bullfrog closely misses you.
The bullfrog barely misses you. The bullfrog barely misses you.
The bullfrog hits you. The bullfrog closely misses you.
The bullfrog closely misses you. The bullfrog hits you. The bullfrog hits you!
The bullfrog closely misses you.
The centaur warrior zombie is no longer more vulnerable to fire.
The bullfrog hits you. The bullfrog completely misses you.
The bullfrog hits you. The bullfrog barely misses you.
A white imp comes into view.
The white imp shouts!
The bullfrog hits you but does no damage.
The white imp gestures at you. The puff of frost misses you.
The bullfrog closely misses you. The white imp gestures at you.
The puff of frost hits you!
You feel a terrible chill!
* * * LOW HITPOINT WARNING * * *
The bullfrog hits you.
* * * LOW HITPOINT WARNING * * *
The white imp gestures at you. The puff of frost hits you!
You feel a terrible chill!
You die...

..# ####.# #..#.#
#..#.##### #..#.....# #
#.....<..### # .
#.####.....# #
#.#..<.......# #
#.#.###@##...###########
#.#....F#####..........#
#....5..Z...(..#######.#
#..............##....#.#
##................##.#..
#.............#####....
#.............# #####
#.............#
#.............#


You could see a bullfrog, a white imp and a centaur warrior zombie.

Vanquished Creatures
  Grinder (D:3)
  A water moccasin (D:5)
  A black bear (D:4)
  A sky beast (D:5)
  A phantom (D:4)
  Blork the orc (D:4)
  An elf zombie (Ossuary)
  2 scorpions
  A water moccasin skeleton (D:5)
  3 mummies (Ossuary)
  7 gnolls
  8 adders
  2 adder zombies (Ossuary)
  A worm (D:3)
  2 dart slugs (D:1)
  2 orcs (D:6)
  3 ball pythons
  4 bats
  5 endoplasms
  4 giant cockroaches
  A gnoll zombie (Ossuary)
  7 goblins
  6 hobgoblins
  7 kobolds
  2 quokkas
  A frilled lizard (D:3)
  4 goblin zombies (Ossuary)
  5 hobgoblin zombies (Ossuary)
  3 kobold zombies (Ossuary)
  A quokka zombie (Ossuary)
  4 rats
  A rat zombie (Ossuary)
  A spectral hobgoblin (D:5)
  A spectral kobold (D:1)
95 creatures vanquished.

Vanquished Creatures (others)
  A plant (D:5)
1 creature vanquished.

Grand Total: 96 creatures vanquished

Notes
Turn   | Place    | Note
-------+----------+-------------------------------------------
     0 | D:1      | Bruhh the Djinni Cinder Acolyte began the quest for the
                  | Orb.
     0 | D:1      | Reached XP level 1. HP: 20/20 MP: 0/0
   160 | D:1      | Reached XP level 2. HP: 25/25 MP: 0/0
   286 | D:1      | Found a faded altar of an unknown god.
   408 | D:1      | Reached skill level 3 in Spellcasting
   941 | D:1      | Reached XP level 3. HP: 25/30 MP: 0/0
   941 | D:1      | Learned a level 1 spell: Sandblast
  2100 | D:3      | Reached XP level 4. HP: 31/35 MP: 0/0
  2358 | D:3      | Reached skill level 4 in Spellcasting
  2361 | D:3      | Reached XP level 5. HP: 22/40 MP: 0/0
  2361 | D:3      | Learned a level 2 spell: Poisonous Vapours
  2955 | D:3      | Noticed Grinder
  2961 | D:3      | Killed Grinder
  2962 | D:3      | Reached skill level 5 in Spellcasting
  2962 | D:3      | Reached XP level 6. HP: 16/46 MP: 0/0
  3526 | D:4      | Reached XP level 7. HP: 34/50 MP: 0/0
  3526 | D:4      | Learned a level 3 spell: Inner Flame
  3761 | D:4      | Noticed Blork the orc
  3767 | D:4      | Killed Blork the orc
  3768 | D:4      | Reached skill level 6 in Spellcasting
  3936 | D:4      | Found a glowing golden altar of the Shining One.
  3941 | D:4      | Found a basalt altar of Yredelemnul.
  3943 | D:4      | Noticed a profane servitor
  3953 | D:4      | Noticed an angel
  3982 | D:4      | Found a hide-covered altar of Uskayaw.
  4349 | D:5      | Entered Level 5 of the Dungeon
  4362 | D:5      | Reached XP level 8. HP: 49/56 MP: 0/0
  4408 | D:5      | Reached skill level 7 in Spellcasting
  4800 | D:5      | Found a sand-covered staircase.
  4805 | Ossuary  | Entered an ossuary
  5731 | D:5      | Found an opulent altar of Gozag.
  6136 | D:5      | Found a hazy altar of Hepliaklqana.
  6511 | D:6      | Killed from afar by a white imp

Illustrated notes

Levels and vault maps discovered:
D:1:      zelgadis_glass_arrival_small, layout_basic,
          dreamdust_ecumenical_altar_drowned_temple
D:2:      layout_basic
D:3:      layout_loops_ring, minmay_box_of_dots, uniq_grinder
D:4:      layout_cave_pools, grunt_temple_overflow_holy_war,
          eat_drink_and_be_merry_uskayaw, uniq_blork_the_orc
D:5:      layout_basic, nicolae_hepliaklqana_monster_ancestors,
          nicolae_gozag_seed_capital, nicolae_ossuary_entry_plus, st_stairs_14,
          serial_bayou_lagoon_b
D:6:      layout_basic, kennysheep_mini, hangedman_abyss_or_decor_lesser_grid

Skill      XL: |  1  2  3  4  5  6  7  8 |
---------------+-------------------------+-----
Spellcasting   | 3 4 5 6 7 |  7.8
Fighting       | |  3.0
Long Blades    | |  2.6

Action                   |  1- 3 |  4- 6 |  7- 9 || total
-------------------------+-------+-------+-------++-------
Melee: Falchion          |    14 |     2 |     1 ||    17
       Punch             |     1 |       |       ||     1
 Cast: Scorch            |    31 |    42 |    80 ||   153
       Inner Flame       |       |       |     1 ||     1
Armor: Robe              |     7 |     2 |     2 ||    11
Dodge: Dodged            |    17 |    10 |    28 ||    55
Block: Other             |       |       |     4 ||     4
